 Dungeon Crawl Stone Soup version 0.25-a0-510-ge065f6de7d (webtiles) character file.

Game seed: 5527180596288725765, levelgen mode: deterministic

5245 LSt the Fighter (level 10, -2/85 HPs)
             Began as a Demonspawn Chaos Knight on Feb 15, 2020.
             Was a Plaything of Xom.
             Slain by a troll (5 damage)
             ... on level 9 of the Dungeon.
             The game lasted 00:47:51 (9847 turns).

LSt the Fighter (Demonspawn Chaos Knight)           Turns: 9847, Time: 00:47:52

Health: -2/85      AC:  9    Str: 16    XL:     10   Next: 36%
Magic:  19/19      EV: 15    Int: 14    God:    Xom [...*..]
Gold:   420        SH:  0    Dex: 18    Spells: 9/9 levels left

rFire    + . .     SeeInvis .   a - +0 hand axe (chaos)
rCold    + . .     Gourm    .   (no shield)
rNeg     . . .     Faith    .   V - +1 ring mail {rF+}
rPois    .         Spirit   .   (no helmet)
rElec    .         Reflect  .   R - scarf {cloud immunity}
rCorr    .         Harm     .   (no gloves)
MR       .....                  (no boots)
Stlth    +.........             (no amulet)
HPRegen  0.24/turn              f - ring of magical power
MPRegen  0.16/turn              v - +6 ring of dexterity

@: no status effects
A: hooves 1, molten scales 2, cold resistance 1, spiny 2, freezing cloud
immunity
a: Renounce Religion


You were on level 9 of the Dungeon.
You worshipped Xom.
You were a favourite toy of Xom.
You were not hungry.

You visited 1 branch of the dungeon, and saw 9 of its levels.
You also visited: Sewer and Ossuary.

You collected 420 gold pieces.

Inventory:

Hand Weapons
 a - a +0 hand axe of chaos (weapon)
 b - a +0 hunting sling
 d - a +0 spear
 g - a +1 whip of freezing
 K - a +0 shortbow
 M - a +0 flail
 P - a +0 glaive of flaming
Missiles
 e - 69 sling bullets
 i - 4 boomerangs
 j - 261 stones
 o - 147 arrows
 B - 45 bolts
 H - 25 poisoned darts
 I - an atropa-tipped dart (quivered)
 O - 2 throwing nets
Armour
 t - a +0 kite shield
 D - a +2 leather armour
 N - +0 steam dragon scales
 R - a scarf of cloud immunity (worn)
 U - the +1 robe of the Queen {rPois Regen+ SInv}
   (Xom gifted it to you on level 8 of the Dungeon)

   It protects you from poison.
   It lets you see invisible.
   It increases your rate of regeneration.
   If you switch to wearing this armour, your AC will decrease by 3 (9 -> 6).
 V - a +1 ring mail of fire resistance (worn)
Magical Staves
 x - an uncursed staff of cold
Jewellery
 f - a ring of magical power (left hand)
 v - a +6 ring of dexterity (right hand)
Wands
 E - a wand of acid (10)
 J - a wand of iceblast (8)
 L - a wand of flame (23)
Scrolls
 h - 2 scrolls of random uselessness {unknown}
 l - 6 scrolls of teleportation
 n - 4 scrolls of immolation
 r - 5 scrolls of identify
 w - a scroll of fear {unknown}
 y - a scroll of magic mapping
 A - a scroll of blinking
 F - a scroll of enchant armour {unknown}
 Q - a scroll of amnesia {unknown}
 S - a scroll of enchant weapon {unknown}
Potions
 k - 3 potions of lignification
 m - 3 potions of agility
 p - 2 potions of haste
 q - 8 potions of brilliance
 s - a potion of resistance
 u - 2 potions of might
 z - 3 potions of heal wounds
 C - 2 potions of curing
 G - a potion of berserk rage
Comestibles
 c - 23 rations
 T - 7 chunks of flesh


   Skills:
 + Level 9.9 Fighting
 * Level 9.8 Axes
 - Level 1.7 Armour
 + Level 6.1 Dodging


You had 9 spell levels left.
You didn't know any spells.
Your spell library contained the following spells:

 Spells                   Type           Power        Failure   Level  Hunger
 Magic Dart               Conj           #...         47%         1    ##.....
 Sting                    Tmut/Pois      #...         47%         1    ##.....
 Poisonous Vapours        Pois/Air       #.....       63%         2    ###....
 Searing Ray              Conj           #.....       63%         2    ###....
 Dazzling Flash           Conj/Hex       #.....       85%         3    ####...
 Ignite Poison            Fire/Tmut/Pois #.......     85%         3    ####...
 Mephitic Cloud           Conj/Pois/Air  #.......     85%         3    ####...
 Fulminant Prism          Conj/Hex       #.........   99%         4    #####..
 Iskenderun's Mystic Bla  Conj/Tloc      #.......     99%         4    #####..
 Olgreb's Toxic Radiance  Pois           #.......     99%         4    #####..


Dungeon Overview and Level Annotations

Branches:
Dungeon (9/15)             Temple (0/1) D:4           Sewer (visited)
Ossuary (visited)
   Lair: D:8-11         Orc: D:9-12

Altars:
Makhleb
Qazlal
Vehumet
Xom
Yredelemnul

Shops:
D:5 :   D:8 *

Annotations:
D:2 Sigmund
D:3 high lvl shifter, 1 exclusion
D:4 high lvl shifter, exclusions: door and 1 more exclusion
D:7 1 runed translucent door, Crazy Yiuf
D:8 exclusion: 2 centaurs


Innate Abilities, Weirdness & Mutations

You have large cloven feet.
You are mostly covered in molten scales. (AC +3)
Your flesh is cold resistant. (rC+)
You are mostly covered in sharp spines.
You are immune to freezing clouds.


Message History

The troll is almost dead.
The troll bites you. The troll claws you! The troll closely misses you.
You are too injured to fight recklessly!
Press: ? - help, v - describe, . - travel
Here: a troll (almost dead, berserk, fast, unusually strong)
The floor, spattered with blood.
You closely miss the troll. You kick the troll, but do no damage.
The troll is almost dead.
The troll bites you!!
* * * LOW HITPOINT WARNING * * *
The troll misses you. The troll closely misses you.
You barely miss the troll.
The troll is almost dead.
The troll completely misses you. The troll misses you. The troll claws you.
* * * LOW HITPOINT WARNING * * *
You hit the troll but do no damage. You drain the troll. You kick the troll.
The troll is almost dead.
The troll completely misses you. The troll claws you but does no damage.
The troll claws you.
You die...

..............................#
..............................#
...............####...........#
###....######..# #...........#
#...)# #..# #...........#
#....# #..# #...........#
#....# #..# #T..........#
#...)######..####(.((.......#
#....)........@T(...........#
#############################


You could see a troll (berserk).

Vanquished Creatures
  Harold (D:7)
  Pikel (D:7)
  Psyche (D:9)
  Joseph (D:9)
  Maggie (D:7)
  A dream sheep (shapeshifter) (D:7)
  A water moccasin (D:6)
  4 slaves (D:7)
  2 orc warriors (D:9)
  3 ice beasts
  3 centaurs
  5 ogres
  A bullfrog (D:9)
  An elf zombie (Ossuary)
  2 scorpions
  3 killer bees (D:8)
  2 howler monkeys
  6 crimson imps
  2 jellies
  2 orc priests (D:9)
  5 hounds
  2 iguanas
  4 orc wizards
  6 worker ants
  A killer bee zombie (D:7)
  A hound zombie (D:6)
  A hound skeleton (D:9)
  3 mummies (Ossuary)
  6 gnolls
  A howler monkey skeleton (D:7)
  12 adders
  4 river rats
  A shadow imp (D:8)
  3 oozes
  5 adder zombies (Ossuary)
  A worm (D:3)
  3 dart slugs
  4 leopard geckos
  12 orcs
  4 giant cockroaches
  9 goblins
  5 hobgoblins
  7 jackals
  6 kobolds
  6 ball pythons
  6 bats
  11 frilled lizards
  4 goblin zombies (Ossuary)
  2 hobgoblin zombies (Ossuary)
  3 kobold zombies (Ossuary)
  A quokka skeleton (D:8)
  2 quokka zombies (Ossuary)
  11 rats
  A rat zombie (Ossuary)
196 creatures vanquished.

Vanquished Creatures (collateral kills)
  A komodo dragon (shapeshifter) (D:8)
  A raiju (shapeshifter) (D:4)
  An ogre (D:7)
  An orc priest (D:4)
  4 orcs (D:4)
  A kobold (D:8)
9 creatures vanquished.

Vanquished Creatures (others)
  A spriggan (D:8)
  A leopard gecko (D:6)
  2 orcs
4 creatures vanquished.

Grand Total: 209 creatures vanquished

Notes
Turn   | Place    | Note
-------+----------+-------------------------------------------
     0 | D:1      | LSt the Demonspawn Chaos Knight began the quest for the
                  | Orb.
     0 | D:1      | Reached XP level 1. HP: 18/18 MP: 1/1
    12 | D:1      | XOM: potion effect (berserk rage)
    15 | D:1      | Reached skill level 1 in Dodging
   160 | D:1      | XOM: harmless Air miscast
   418 | D:1      | Gained mutation: You have large cloven feet. [demonic
                  | ancestry]
   418 | D:1      | Reached XP level 2. HP: 24/24 MP: 2/2
   685 | D:1      | XOM: scenery: 1 doors close
   924 | D:1      | Gained mutation: Your flesh is cold resistant. (rC+)
                  | [demonic ancestry]
   924 | D:1      | Reached XP level 3. HP: 29/29 MP: 3/3
  1359 | D:2      | Gained mutation: You are immune to freezing clouds.
                  | [demonic ancestry]
  1359 | D:2      | Reached XP level 4. HP: 30/37 MP: 4/4
  1548 | D:2      | XOM: god gift: scroll labeled QIJAIKO POLI {god gift}
  1607 | D:2      | Noticed Sigmund
  1774 | D:3      | XOM: harmless Necr miscast
  1894 | D:3      | XOM: cast spell 'Summon Ice Beast'
  1960 | D:3      | XOM: harmless Ice miscast
  1964 | D:3      | XOM: god gift: 48 gold pieces
  2107 | D:3      | Noticed a glowing shapeshifter
  2107 | D:3      | a giant cockroach changed into a glowing shapeshifter
  2107 | D:3      | Noticed a glowing orange brain
  2107 | D:3      | a glowing shapeshifter changed into a glowing orange brain
  2108 | D:3      | XOM: enchant monster (good)
  2156 | D:3      | Noticed a glowing orange brain
  2161 | D:3      | Noticed a satyr
  2161 | D:3      | a glowing orange brain changed into a satyr
  2231 | D:4      | Found a stormy altar of Qazlal.
  2264 | D:3      | HP: 1/37 [something/puff of flame (2)]
  2265 | D:3      | Xom revived you
  2268 | D:4      | Xom revived you
  2270 | D:4      | Gained mutation: You are partially covered in molten
                  | scales. (AC +2) [demonic ancestry]
  2270 | D:4      | Reached XP level 5. HP: 5/42 MP: 4/5
  2312 | D:4      | XOM: scenery: 1 doors close
  2681 | D:4      | Found a glowing drain.
  2685 | Sewer    | Entered a sewer
  3288 | D:4      | XOM: noise
  3304 | D:4      | Noticed an ogre
  3312 | D:4      | Killed an ogre
  3312 | D:4      | Gained mutation: You are partially covered in sharp spines.
                  | [demonic ancestry]
  3312 | D:4      | Reached XP level 6. HP: 47/49 MP: 6/6
  3483 | D:4      | XOM: cloud trail
  3644 | D:4      | Found a staircase to the Ecumenical Temple.
  3687 | D:4      | Noticed a shapeshifter
  3687 | D:4      | an orc changed into a shapeshifter
  3687 | D:4      | Noticed a salamander
  3687 | D:4      | a shapeshifter changed into a salamander
  3694 | D:4      | Noticed a shapeshifter
  3694 | D:4      | a salamander changed into a shapeshifter
  3694 | D:4      | XOM: polymorph salamander -> shapeshifter
  3694 | D:4      | Noticed a queen bee
  3694 | D:4      | a shapeshifter changed into a queen bee
  3695 | D:4      | Noticed a spiny frog
  3695 | D:4      | a queen bee changed into a spiny frog
  3699 | D:4      | Noticed a raiju
  3699 | D:4      | a spiny frog changed into a raiju
  3710 | D:3      | Noticed an orb spider
  3722 | D:4      | Killed a raiju
  3722 | D:4      | Reached skill level 5 in Fighting
  3882 | D:5      | Entered Level 5 of the Dungeon
  3903 | D:5      | Gained mutation: You are mostly covered in sharp spines.
                  | [demonic ancestry]
  3903 | D:5      | Reached XP level 7. HP: 56/56 MP: 7/7
  3972 | D:5      | Found Uhaussob's Book Shoppe.
  4125 | D:5      | Reached skill level 5 in Axes
  4140 | D:5      | XOM: god gift: scroll labeled ETESEX ERCHUMNYUHO {god gift}
  4461 | D:5      | Found a basalt altar of Yredelemnul.
  4831 | D:6      | XOM: summons 7 friendly demons
  4864 | D:6      | Reached XP level 8. HP: 64/64 MP: 8/8
  4904 | D:6      | Reached skill level 5 in Dodging
  4922 | D:6      | XOM: enchant monster (good)
  5124 | D:6      | XOM: stat loss: -1 Int (13/14)
  5483 | D:6      | XOM: draining
  5558 | D:7      | Noticed Pikel
  5581 | D:7      | Killed Pikel
  5581 | D:7      | Reached XP level 9. HP: 30/74 MP: 9/9
  5763 | D:6      | XOM: mild Necr miscast
  5883 | D:7      | Noticed a glowing shapeshifter
  5883 | D:7      | a worker ant changed into a glowing shapeshifter
  5883 | D:7      | a glowing shapeshifter changed into a dream sheep
  6130 | D:7      | XOM: polymorph gnoll -> goblin
  6166 | D:7      | Noticed Maggie
  6177 | D:7      | Killed Maggie
  6252 | D:7      | Noticed Harold
  6268 | D:7      | Killed Harold
  6620 | D:7      | Found a burning altar of Makhleb.
  6620 | D:7      | Found a shimmering altar of Xom.
  6683 | D:7      | Found a runed translucent door.
  6684 | D:7      | Noticed Crazy Yiuf
  6697 | D:7      | XOM: harmless Ice miscast
  6740 | D:8      | XOM: scenery: create altars
  6883 | D:8      | Found a sand-covered staircase.
  7048 | Ossuary  | Entered an ossuary
  7406 | D:8      | Found Soab's Assorted Antiques.
  7526 | D:8      | Found a radiant altar of Vehumet.
  7534 | D:8      | Noticed a komodo dragon
  7534 | D:8      | a shapeshifter changed into a komodo dragon
  7549 | D:8      | XOM: cast spell 'Call Canine Familiar'
  7556 | D:8      | Killed a komodo dragon
  7885 | D:8      | XOM: potion effect (curing)
  8543 | D:8      | XOM: cloud trail
  8666 | D:6      | XOM: summons 4 hostile shadow creatures
  8981 | D:8      | XOM: cleaving
  9047 | D:8      | XOM: god gift: silken robe {god gift}
  9048 | D:8      | Identified the +1 robe of the Queen {rPois Regen+ SInv}
                  | (Xom gifted it to you on level 8 of the Dungeon)
  9074 | D:8      | Gained mutation: You are mostly covered in molten scales.
                  | (AC +3) [demonic ancestry]
  9074 | D:8      | Reached XP level 10. HP: 74/83 MP: 10/10
  9074 | D:8      | XOM: divine lightning
  9203 | D:9      | Noticed Psyche
  9288 | D:9      | XOM: summons friendly white imp
  9328 | D:8      | XOM: harmless Fire miscast
  9391 | D:9      | Killed Psyche
  9478 | D:9      | Noticed Joseph
  9519 | D:9      | Killed Joseph
  9623 | D:9      | XOM: noise
  9648 | D:9      | XOM: confuse monster(s)
  9740 | D:9      | XOM: summons friendly shadow imp
  9757 | D:9      | XOM: destruction
  9773 | D:9      | XOM: enchant monster (good)
  9786 | D:9      | XOM: 2-stop teleportation journey
  9846 | D:9      | HP: 3/85 [troll (4)]
  9847 | D:9      | Slain by a troll

Levels and vault maps discovered:
D:1:      psy_arrival_terrarium, layout_basic
D:2:      layout_rooms, grunt_ministairs_12, minmay_misc_feat_rugged,
          grunt_decor_one_mirror, uniq_sigmund
D:3:      layout_loops_ring, wander_ebering_terrifying_dragon_lair
D:4:      layout_basic, lemuel_crystal_altar, zin_angel,
          minmay_temple_entry_offerings, first_ration, gup_sewer_entry_spiral,
          minmay_goblin_outpost
D:5:      layout_rooms, nicolae_overflow_hidden_temple, serial_shops,
          nicolae_shop_window_shopping
D:6:      minmay_evil_eye, layout_gridville, amethyst_killhole
D:7:      layout_basic, grunt_temple_overflow_champion_of_chaos, uniq_maggie,
          uniq_crazy_yiuf_cottage, uniq_harold, uniq_pikel
D:8:      layout_layer_cave, vehumet_altar_wand_db,
          nicolae_ossuary_entry_false_entrances, serial_shops,
          kennysheep_mini_moat, the_bakery
D:9:      layout_small_grid, ebering_ghost_xom, uniq_psyche, uniq_joseph

Skill      XL: |  1  2  3  4  5  6  7  8  9 10 |
---------------+-------------------------------+-----
Dodging        | 1 2 3 4 5 6 |  6.1
Axes           | 3 4 5 7 9 |  9.8
Fighting       | 4 5 6 7 9 |  9.9
Armour         | |  1.7

Action                   |  1- 3 |  4- 6 |  7- 9 | 10-12 || total
-------------------------+-------+-------+-------+-------++-------
Melee: Hand axe          |    79 |   176 |   247 |    66 ||   568
       Kick              |     9 |    43 |   106 |    27 ||   185
 Fire: Shortbow          |       |       |    43 |    11 ||    54
       Hunting sling     |       |       |       |    21 ||    21
Throw: Dart              |       |     3 |     2 |     1 ||     6
       Stone             |       |     1 |     4 |     1 ||     6
       Throwing net      |       |       |       |     2 ||     2
  Use: Scroll            |     1 |    12 |     7 |       ||    20
       Potion            |       |       |       |     1 ||     1
 Stab: Sleeping          |     1 |       |       |       ||     1
       Petrified         |       |     6 |     3 |       ||     9
       Paralysed         |       |     3 |     5 |       ||     8
       Confused          |       |     2 |       |       ||     2
       Distracted        |       |     1 |     4 |       ||     5
       Petrifying        |       |       |     2 |       ||     2
  Eat: Chunk             |     1 |     8 |    14 |     2 ||    25
       Ration            |       |       |     1 |       ||     1
Armor: Leather armour    |    13 |    47 |    23 |       ||    83
       Steam dragon scal |       |       |     8 |    11 ||    19
       Ring mail         |       |       |       |     3 ||     3
Dodge: Dodged            |    42 |   112 |   123 |    46 ||   323

Table legend:
 A = Non-vault XP
 B = Vault XP
 C = Vault XP percentage of total XP
 D = Non-vault monster count
 E = Vault monster count
 F = Vault count percentage of total count
                 A         B        C        D         E       F
            +---------+---------+-------+---------+---------+-------
      Total |    4160 |    3333 |  44.5 |     137 |      65 |  32.2
            +---------+---------+-------+---------+---------+-------
        D:1 |      47 |       0 |   0.0 |      19 |       0 |   0.0
        D:2 |      56 |       5 |   8.2 |      15 |       2 |  11.8
        D:3 |      66 |       0 |   0.0 |      13 |       0 |   0.0
        D:4 |     399 |      91 |  18.6 |      13 |      12 |  48.0
        D:5 |     353 |       0 |   0.0 |       9 |       0 |   0.0
        D:6 |     670 |     415 |  38.2 |      10 |       6 |  37.5
        D:7 |     577 |    1657 |  74.2 |      16 |       4 |  20.0
        D:8 |     922 |      47 |   4.9 |      17 |       2 |  10.5
        D:9 |    1070 |     882 |  45.2 |      25 |       2 |   7.4
      Sewer |       0 |      42 | 100.0 |       0 |      16 | 100.0
    Ossuary |       0 |     194 | 100.0 |       0 |      21 | 100.0
            +---------+---------+-------+---------+---------+-------
